 Dungeon Crawl Stone Soup version 0.30-a0-476-g330ca2eb8e (webtiles) character file.

Game seed: 12801309720234295424

1662 bmack86 the Cleaver (level 8, -1/71 HPs)
             Began as a Minotaur Fighter on Dec 22, 2022.
             Was an Initiate of Okawaru.
             Slain by an orc wizard
             ... wielding a +0 dagger
              (3 damage)
             ... on level 6 of the Dungeon.
             The game lasted 00:14:53 (5394 turns).

bmack86 the Cleaver (Minotaur Fighter)              Turns: 5394, Time: 00:14:54

Health: -1/71      AC: 14    Str: 23    XL:     8   Next: 69%
Magic:  7/7        EV:  6    Int:  5    God:    Okawaru [......]
Gold:   188        SH:  5    Dex: 10    Spells: 7/7 levels left

rFire   . . .      SeeInvis .    a - +0 war axe
rCold   . . .      Faith    .    c - +0 buckler
rNeg    . . .      Spirit   .    w - +1 plate armour
rPois   .          Reflect  .    (helmet restricted)
rElec   .          Harm     .    (no cloak)
rCorr   .          Rampage  .    (no gloves)
Will    .....                    (no boots)
Stlth   ..........               s - amulet of magic regeneration
HPRegen 0.31/turn                (no ring)
MPRegen 0.50/turn                (no ring)

@: no status effects
A: horns 2, retaliatory headbutt
a: Renounce Religion


You were on level 6 of the Dungeon.
You worshipped Okawaru.
Okawaru was noncommittal.
You visited 2 branches of the dungeon, and saw 7 of its levels.

You collected 349 gold pieces.
You spent 161 gold pieces at shops.

Inventory:

Hand Weapons
 a - a +0 war axe (weapon)
 v - a +3 battleaxe
Missiles
 e - 4 poisoned darts (quivered)
 x - 2 throwing nets
Armour
 b - a +0 scale mail
 c - a +0 buckler (worn)
 l - the +1 ring mail of Complete Protection {+Blink Int+5 Dex+3 Stlth+}
   (You found it on level 2 of the Dungeon)

   Int:       It affects your intelligence (+5).
   Dex:       It affects your dexterity (+3).
   +Blink:    It lets you blink.
   Stlth:     It makes you more stealthy.
 w - a +1 plate armour (worn)
Jewellery
 s - an amulet of magic regeneration (around neck)
Wands
 B - a wand of iceblast (5)
Scrolls
 f - 3 scrolls of noise {unknown}
 g - a scroll of butterflies {unknown}
 h - 2 scrolls of amnesia
 i - 5 scrolls of teleportation {unknown}
 j - 4 scrolls of poison {unknown}
 k - a scroll of brand weapon {unknown}
 m - 4 scrolls of silence
 n - a scroll of fog {unknown}
 o - 3 scrolls of identify {unknown}
 q - a scroll of enchant weapon {unknown}
 r - 2 scrolls of vulnerability {unknown}
 t - a scroll of acquirement {unknown}
 y - a scroll of magic mapping {unknown}
 A - a scroll of immolation {unknown}
Potions
 d - a potion of curing {unknown}
 p - a potion of heal wounds {unknown}
 u - 2 potions of mutation {unknown}
 C - a potion of attraction {unknown}


   Skills:
 + Level 6.4 Fighting
 * Level 8.1 Axes
 + Level 4.1 Throwing
 + Level 6.6 Armour
 + Level 6.5 Shields


You had 7 spell levels left.
You didn't know any spells.
Your spell library contained the following spells:

 Spells                   Type           Power      Damage    Failure   Level
 Blink                    Tloc           0%         N/A       100%        2
 Momentum Strike          Conj/Tloc      0%         3d8       100%        2
 Scorch                   Fire           0%         2d5       100%        2
 Kindle Blastsparks       Fire/Tloc/Air  0%         2d10      100%        3
 Lesser Beckoning         Tloc           0%         N/A       100%        3
 Ozocubu's Armour         Ice            0%         N/A       100%        3
 Flame Wave               Conj/Fire      0%         2d4       100%        4
 Fulminant Prism          Conj/Hex       0%         3d5       100%        4
 Iskenderun's Mystic Bla  Conj/Tloc      0%         2d3       100%        4
 Lee's Rapid Deconstruct  Erth           0%         3d4*      100%        5
 Ozocubu's Refrigeration  Ice            0%         4d7       100%        7
 Chain Lightning          Conj/Air       0%         N/A       100%        9
 Fire Storm               Conj/Fire      0%         5d1       100%        9
 Shatter                  Erth           0%         3d5*      100%        9
 Summon Cactus Giant      Summ           Unusable   N/A       N/A         6

Dungeon Overview and Level Annotations

Branches:
Dungeon (6/15)             Temple (1/1) D:6

Altars:
Cheibriados
Elyvilon
Gozag
Hepliaklqana
Kikubaaqudgha
Nemelex Xobeh
Okawaru
Qazlal
Ru
Sif Muna
Uskayaw
Vehumet
Wu Jian
Zin
The Shining One

Shops:
D:3 :   D:5 *!

Annotations:
D:4 1 runed translucent door, Crazy Yiuf


Innate Abilities, Weirdness & Mutations

You have a pair of horns on your head.
You reflexively headbutt those who attack you in melee.


Message History

Unknown command.
You closely miss something. Your headbutt misses something.
You barely miss something. Something completely misses you.
Something hits you but does no damage.
You miss something. Your headbutt misses something.
You hear some strange, mumbled words.
A puff of flame appears from out of thin air!
The puff of flame hits you but does no damage.
Unknown command.
You bump into the rock wall.
Something hits you but does no damage.
The orc priest looks braver for a moment.
You closely miss something.
You feel less confused. Something hits you.
* * * LOW HITPOINT WARNING * * *
Something hits you but does no damage.
You hit something. Something hits you but does no damage.
The orc priest calls down the wrath of Beogh upon you.
Something writhes in agony!
Reactivating autopickup.
You feel a bit more experienced.
You hear some strange, mumbled words.
A puff of flame appears from out of thin air!
Deactivating autopickup; reactivate with Ctrl-A.
The puff of flame hits you.
* * * LOW HITPOINT WARNING * * *
The orc priest hits you but does no damage.
Something hits you.
* * * LOW HITPOINT WARNING * * *
Items here: $ ( )) [[ †.
You closely miss something. Your headbutt misses something.
You hit the orc priest but do no damage.
The orc priest calls down the wrath of Beogh upon you.
Beogh smites you!
* * * LOW HITPOINT WARNING * * *
Something hits you but does no damage.
You miss something. Your headbutt misses something.
You hit the orc priest but do no damage.
You block the orc priest's attack. Something hits you.
You die...

#.#
#.##.....#.###........###
#.#.........########
#.##.#.###.###.#
#......###.# #.#
####.#.....# #.#
###.#.....###.# #####
#.............. ....#
#...(##.#.###.# ....####
#....##@#.###.# .......#
#....##{o..#
....##.###....####..#
..|.#.........# .....
#####.........# .##..#
##........### .# .#
##.........# .# ..
######....# .# .
#........# .#


You could see an orc priest.

Vanquished Creatures
  3 black bears
  An ogre (D:5)
  A phantom (D:4)
  Blork the orc (D:6)
  2 wyvern zombies (D:5)
  3 scorpions
  7 wights
  A hound (D:2)
  A gnoll bouda (D:4)
  Jessica (D:3)
  Terence (D:3)
  3 orc wizards
  2 iguanas (D:5)
  Robin (D:4)
  7 gnolls (D:4)
  8 adders
  A white imp (D:6)
  A worm (D:3)
  8 dart slugs
  10 orcs
  5 bats
  5 endoplasms
  2 giant cockroaches (D:3)
  4 hobgoblins
  4 jackals (D:4)
  8 kobolds
  3 quokkas
  8 ball pythons
  2 frilled lizards
  16 goblins
  2 rats
122 creatures vanquished.

Vanquished Creatures (others)
  An orc wizard (D:6)
  2 plants (D:6)
  2 withered plants (D:5)
5 creatures vanquished.

Grand Total: 127 creatures vanquished

Notes
Turn   | Place    | Note
-------+----------+-------------------------------------------
     0 | D:1      | bmack86 the Minotaur Fighter began the quest for the Orb.
     0 | D:1      | Reached XP level 1. HP: 19/19 MP: 0/0
    86 | D:1      | Reached XP level 2. HP: 25/27 MP: 1/1
   234 | D:1      | Reached skill level 3 in Axes
   386 | D:1      | Found a faded altar of an unknown god.
   474 | D:1      | Reached XP level 3. HP: 33/33 MP: 2/2
   970 | D:2      | Identified the +1 ring mail of Complete Protection {+Blink
                  | Int+5 Dex+3 Stlth+}
  1344 | D:2      | Reached XP level 4. HP: 40/40 MP: 3/3
  1622 | D:2      | Reached skill level 1 in Throwing
  1834 | D:3      | Noticed Jessica
  1840 | D:3      | Killed Jessica
  1841 | D:3      | Reached skill level 4 in Axes
  2001 | D:3      | Reached XP level 5. HP: 47/47 MP: 4/4
  2177 | D:3      | Noticed Terence
  2186 | D:3      | Killed Terence
  2344 | D:3      | Found Zipticib's Book Shoppe.
  2429 | D:4      | Noticed a black bear
  2436 | D:4      | Killed a black bear
  2437 | D:4      | Reached XP level 6. HP: 51/53 MP: 5/5
  2550 | D:4      | Reached skill level 5 in Axes
  2553 | D:4      | Reached skill level 5 in Fighting
  2553 | D:4      | Reached skill level 5 in Armour
  2568 | D:4      | Reached skill level 5 in Shields
  2656 | D:4      | Reached XP level 7. HP: 55/61 MP: 6/6
  2681 | D:4      | Found a runed translucent door.
  2682 | D:4      | Noticed Crazy Yiuf
  2701 | D:4      | Noticed Robin
  2710 | D:4      | Killed Robin
  2894 | D:4      | Reached skill level 6 in Axes
  3643 | D:5      | Entered Level 5 of the Dungeon
  3718 | D:5      | Reached XP level 8. HP: 64/70 MP: 7/7
  3810 | D:5      | Reached skill level 7 in Axes
  3953 | D:5      | Found Necehim's Distillery.
  4028 | D:5      | Bought a potion of might for 56 gold pieces
  4631 | D:5      | Found Saweunaor's General Store.
  4640 | D:5      | Bought a scroll of enchant armour for 105 gold pieces
  5038 | D:6      | Found a staircase to the Ecumenical Temple.
  5045 | Temple   | Entered the Ecumenical Temple
  5062 | Temple   | Became a worshipper of Warmaster Okawaru
  5207 | D:6      | Noticed Blork the orc
  5212 | D:6      | Killed Blork the orc
  5213 | D:6      | Reached skill level 8 in Axes
  5393 | D:6      | HP: 2/71 [orc priest/divine providence (10)]
  5394 | D:6      | Slain by an orc wizard

Illustrated notes

Levels and vault maps discovered:
D:1:      shiori_arrival_oz, layout_basic, ebering_ecumenical_altar_hall
D:2:      layout_loops_corners
D:3:      layout_basic, serial_shops, nicolae_shop_crystal, dk_noncrumbling_4,
          uniq_jessica, uniq_terence
D:4:      layout_gridville, uniq_robin, uniq_crazy_yiuf_cottage
D:5:      layout_loops_corners, serial_shops, nicolae_shop_waterfront, shop,
          serial_undead, serial_undead_d, serial_undead_b, serial_undead_d,
          serial_undead_f
D:6:      layout_basic, minmay_temple_entry_gardened_gates, nrook_uturn,
          uniq_blork_the_orc
Temple:   hellmonk_temple_two_chambers

Skill      XL: |  1  2  3  4  5  6  7  8 |
---------------+-------------------------+-----
Axes           | 3 4 5 6 8 |  8.1
Armour         | 4 5 6 |  6.6
Fighting       | 4 5 6 |  6.4
Shields        | 4 5 6 |  6.5
Throwing       | 1 2 3 4 |  4.1

Action                   |  1- 3 |  4- 6 |  7- 9 || total
-------------------------+-------+-------+-------++-------
Melee: War axe           |    66 |    74 |   152 ||   292
       Headbutt          |     8 |    11 |    20 ||    39
Throw: Dart              |     4 |       |       ||     4
  Use: Scroll            |     1 |     1 |     1 ||     3
       Potion            |       |       |     2 ||     2
 Stab: Sleeping          |       |     1 |       ||     1
Armor: Scale mail        |    31 |       |       ||    31
       Ring mail         |     7 |    28 |       ||    35
       Plate armour      |       |     5 |   132 ||   137
Dodge: Dodged            |    34 |    41 |    44 ||   119
Block: Buckler           |    14 |    19 |    44 ||    77

Table legend: (Time is in decaauts)
 A = Elapsed time spent in this place.
 B = Non-inter-level travel time spent in this place.
 C = Inter-level travel time spent in this place.
 D = Time resting spent in this place.
 E = Time spent auto-exploring this place.
 F = Levels seen in this place.
 G = Mean time per level.
                   A        B        C        D        E       F      G
               +--------+--------+--------+--------+--------+-----+--------+
         Total |   5469 |   5332 |    137 |    236 |   3527 |   7 |  781.3 |
       Dungeon |   5438 |   5301 |    137 |    236 |   3527 |   6 |  906.3 |
        Temple |     30 |     30 |      0 |      0 |      0 |   1 |   30.0 |
               +--------+--------+--------+--------+--------+-----+--------+

Top non-repeatable levels by time:
     D:4: 1245 daAuts
     D:5: 1083 daAuts
     D:2: 927 daAuts
     D:1: 914 daAuts
     D:6: 649 daAuts
     D:3: 619 daAuts
  Temple: 30 daAuts
